AoeStats
← Shin Kawashima

Arena

510083214Analyzed
3v3 RM · 4d ago on Sep 29, 2026· 30m 29s· 6 players
Game mode
Random Map
Map size
Normal (6 player)
Population
200
Speed
Normal
Resources
Standard
Victory
Conquest
Starting age
Dark Age
Ending age
Imperial Age
RankedLock teamsTeams togetherTeam positionsShared explorationLock speedFull tech treeHidden civsTurbo modeCheats
Victory
Defeat
🇨🇳 Magyars · China
1085
+16
🇭🇰 Turks · Hong Kong SAR China
990
+20
🇨🇳 Teutons · China
978
+20
🇫🇷 Byzantines · France
1100
-20
🇮🇳 Khitans · India
1080
-19
🇹🇷 Vikings · Türkiye
1040
-17
ektum_inside
0:40 Loom
13:28 Feudal Age
14:16 Double-Bit Axe
14:17 Town Watch
21:13 Castle Age
19:17 Stone Mining
19:09 Domestication
22:56 Husbandry
23:05 Pastoralism
25:01 Bow Saw
25:02 Fletching
26:38 Gold Mining
27:18 Scale Barding Armor
28:06 Wheelbarrow
28:53 Forging
29:45 Chain Barding Armor
Cerrahpaşalı Halit
10:29 Feudal Age
18:35 Castle Age
17:01 Horse Collar
18:45 Loom
19:42 Double-Bit Axe
24:50 Heavy Plow
26:10 Bow Saw
28:34 Fletching
28:45 Padded Archer Armor
28:49 Elite Skirmisher
Chostakovix
10:36 Feudal Age
11:31 Loom
14:49 Castle Age
13:08 Double-Bit Axe
13:28 Horse Collar
16:16 Bow Saw
18:24 Sanctity
18:50 Gold Mining
23:12 Fervor
25:12 Fletching
26:23 Heavy Plow
30:00 Imperial Age
28:32 Padded Archer Armor
29:26 Ballistics
28:47 Treadmill Crane
Shin Kawashima
7:57 Loom
10:48 Feudal Age
11:26 Horse Collar
15:49 Castle Age
14:26 Double-Bit Axe
14:52 Gold Mining
23:02 Imperial Age
21:03 Heavy Plow
21:50 Bow Saw
21:47 Padded Archer Armor
22:53 Leather Archer Armor
24:25 Ring Archer Armor
30:50 Wheelbarrow
30:01 Town Watch
30:23 Scale Barding Armor
30:28 Forging
圖表大師
8:00 Loom
10:58 Feudal Age
13:26 Fletching
20:52 Castle Age
19:36 Stone Mining
21:27 Horse Collar
22:12 Heavy Plow
32:57 Imperial Age
30:18 Town Watch
HAHAR
12:13 Feudal Age
13:16 Double-Bit Axe
13:12 Horse Collar
15:52 Castle Age
16:54 Heavy Plow
17:06 Bow Saw
16:43 Loom
20:36 Stone Mining
21:51 Gold Mining
23:46 Wheelbarrow
25:13 Gold Shaft Mining
26:41 Hand Cart
29:47 Imperial Age
28:16 Padded Archer Armor
28:06 Fletching
28:14 Heated Shot
29:20 Ballistics
29:17 Leather Archer Armor
29:08 Scale Barding Armor
29:21 Scale Barding Armor
29:20 Husbandry
29:30 Bloodlines
30:17 Bodkin Arrow
30:42 Chain Barding Armor
30:31 Thumb Ring
31:11 Ring Archer Armor
31:43 Chemistry
31:20 Conscription
Connection lost

Rejoining the realm…

Still unreachable

The connection could not be restored.

Session expired

The server has moved on; the page needs a fresh start.